 Dungeon Crawl Stone Soup version 0.21-a0-538-gd16b88a (webtiles) character file.

119 teukkam the Charlatan (level 5, -1/43 HPs)
             Began as a Gnoll Wanderer on Dec 15, 2017.
             Was an Initiate of Wu Jian.
             Slain by an orc priest
             ... wielding a +0 mace
              (8 damage)
             ... on level 3 of the Dungeon.
             The game lasted 00:11:00 (3562 turns).

teukkam the Charlatan (Gnoll Wanderer)              Turns: 3562, Time: 00:11:00

Health: -1/43      AC:  4    Str: 13    XL:     5   Next: 3%
Magic:  9/9        EV: 12    Int: 15    God:    Wu Jian [......]
Gold:   105        SH:  0    Dex: 16    Spells: 10/10 levels left

rFire    + . .     SeeInvis +   a - +0 short sword
rCold    + . .     Gourm    .   (no shield)
rNeg     . . .     Faith    .   g - +0 leather armour (curse)
rPois    +         Spirit   .   (no helmet)
rElec    +         Reflect  .   (no cloak)
rCorr    +         Harm     .   (no gloves)
MR       .....                  n - +0 pair of boots
Stlth    ++........             (no amulet)
HPRegen  0.14/turn              (no ring)
MPRegen  0.11/turn              (no ring)

@: resistant, flying
A: distributed training, fangs 1, see invisible, evolution 1, subdued magic 1,
MP-powered wands, strong nose
a: Renounce Religion


You were on level 3 of the Dungeon.
You worshipped Wu Jian.
Wu Jian was noncommittal.
You were not hungry.

You visited 1 branch of the dungeon, and saw 3 of its levels.

You collected 105 gold pieces.

Inventory:

Hand Weapons
 a - a +0 short sword (weapon)
 b - a +0 mace
Missiles
 m - a throwing net
 s - 2 javelins (quivered)
 t - 2 steel tomahawks
 w - 9 poisoned needles
Armour
 g - a cursed +0 leather armour (worn)
 n - a +0 pair of boots (worn)
 v - a +2 scale mail
Jewellery
 x - an uncursed ring of ice
Scrolls
 e - 2 scrolls of fog {unknown}
 f - 3 scrolls of enchant armour {unknown}
 h - 4 scrolls of identify {unknown}
 j - 2 scrolls of enchant weapon {unknown}
 r - 2 scrolls of teleportation {unknown}
 u - a scroll of magic mapping {unknown}
Potions
 p - a potion of mutation
 z - a potion of brilliance {unknown}
Comestibles
 d - 2 bread rations
 o - 2 meat rations


   Skills:
 + Level 4.7 Fighting
 + Level 1.3 Short Blades
 + Level 1.3 Long Blades
 + Level 1.3 Axes
 + Level 2.8 Maces & Flails
 + Level 1.3 Polearms
 + Level 1.3 Staves
 + Level 1.3 Slings
 + Level 1.3 Bows
 + Level 1.3 Crossbows
 + Level 1.3 Throwing
 + Level 4.7 Armour
 + Level 1.3 Dodging
 + Level 1.3 Stealth
 + Level 1.3 Shields
 + Level 1.3 Unarmed Combat
 + Level 3.1 Spellcasting
 + Level 1.0 Conjurations
 + Level 1.0 Hexes
 + Level 1.0 Charms
 + Level 1.0 Summonings
 + Level 1.0 Necromancy
 + Level 1.0 Translocations
 + Level 1.0 Transmutations
 + Level 2.3 Fire Magic
 + Level 2.3 Ice Magic
 + Level 1.0 Air Magic
 + Level 1.0 Earth Magic
 + Level 1.0 Poison Magic
   Level 1.4 Invocations
 + Level 4.7 Evocations


You had 10 spell levels left.
You didn't know any spells.

Dungeon Overview and Level Annotations

Branches:
Dungeon (3/15)

Altars:
Ashenzari
Elyvilon
Kikubaaqudgha
Ru
Wu Jian
Xom
The Shining One


Innate Abilities, Weirdness & Mutations

Your experience applies equally to all skills.
You have very sharp teeth.
Your uncanny sense of smell can sniff out nearby items.
You have supernaturally acute eyesight. (SInv)
You evolve.
Your spells are a little easier to cast, but a little less powerful.
You expend magic power (3 MP) to strengthen your wands.


Message History

The orc barely misses you. The orc priest misses you.
You hit the orc but do no damage. The orc barely misses you.
The orc priest looks encouraged for a moment.
You barely miss the orc priest.
The orc priest is moderately wounded.
The orc closely misses you. The orc priest misses you.
It was a potion of mutation.
You feel extremely strange.
You feel your magical essence link to your wands.
Your connection to magic feels subdued.
You feel nature experimenting on you.
Don't worry, failures die fast.
Your vision sharpens.
The orc hits you with a club.
* * * LOW HITPOINT WARNING * * *
You closely miss the orc priest.
The orc priest is moderately wounded.
The orc priest closely misses you. The orc hits you but does no damage.
It was a potion of resistance.
You feel protected. The orc priest hits you with a mace!
You die...

#.####.#...###...##
#.##....#.###..##..
##.##....#.##..###.#
#..##....#.#..## #.#
#.###......#.## #.#
###.###........# #.#
#.....#.)..#..## #.#
#...o.#....#..# #.#
#...o@#......## ##.#
#.....#.....## #...
#.....###...#######..#
#.......†.............
#.....###..######..###
#.....# #.######>.##..
#.....# ..............
####### ..............
...............


You could see an orc priest and an orc.

Vanquished Creatures
  A worker ant (D:2)
  2 adders (D:2)
  A worm (D:3)
  A dart slug (D:1)
  2 leopard geckos
  6 orcs
  7 bats
  A giant cockroach (D:1)
  10 goblins
  7 hobgoblins
  3 jackals (D:2)
  9 kobolds
  3 ball pythons
  4 frilled lizards
  5 rats
62 creatures vanquished.

Notes
Turn   | Place    | Note
-------+----------+-------------------------------------------
     0 | D:1      | teukkam the Gnoll Wanderer began the quest for the Orb.
     0 | D:1      | teukkam set off with: a +2 scale mail, a +0 mace, a potion of curing, a bread ration
     0 | D:1      | Reached XP level 1. HP: 20/20 MP: 4/4
   147 | D:2      | Reached XP level 2. HP: 7/26 MP: 5/5
   416 | D:2      | Found a white marble altar of Elyvilon.
   914 | D:1      | Reached XP level 3. HP: 30/31 MP: 7/7
  1685 | D:2      | Reached skill level 1 in Invocations
  1991 | D:2      | Found a glowing golden altar of the Shining One.
  2201 | D:2      | Reached skill level 1 in Short Blades
  2201 | D:2      | Reached skill level 1 in Long Blades
  2201 | D:2      | Reached skill level 1 in Axes
  2201 | D:2      | Reached skill level 1 in Polearms
  2201 | D:2      | Reached skill level 1 in Staves
  2201 | D:2      | Reached skill level 1 in Slings
  2201 | D:2      | Reached skill level 1 in Bows
  2201 | D:2      | Reached skill level 1 in Crossbows
  2201 | D:2      | Reached skill level 1 in Throwing
  2201 | D:2      | Reached skill level 1 in Dodging
  2201 | D:2      | Reached skill level 1 in Stealth
  2201 | D:2      | Reached skill level 1 in Shields
  2201 | D:2      | Reached skill level 1 in Unarmed Combat
  2284 | D:2      | Reached XP level 4. HP: 14/38 MP: 8/8
  2677 | D:3      | Reached skill level 1 in Conjurations
  2677 | D:3      | Reached skill level 1 in Hexes
  2677 | D:3      | Reached skill level 1 in Charms
  2677 | D:3      | Reached skill level 1 in Summonings
  2677 | D:3      | Reached skill level 1 in Necromancy
  2677 | D:3      | Reached skill level 1 in Translocations
  2677 | D:3      | Reached skill level 1 in Transmutations
  2677 | D:3      | Reached skill level 1 in Air Magic
  2677 | D:3      | Reached skill level 1 in Earth Magic
  2677 | D:3      | Reached skill level 1 in Poison Magic
  2972 | D:3      | Found a shimmering altar of Xom.
  2972 | D:3      | Found a sacrificial altar of Ru.
  2972 | D:3      | Found an ancient bone altar of Kikubaaqudgha.
  2973 | D:3      | Found a shattered altar of Ashenzari.
  2985 | D:3      | Became a worshipper of Ru the Awakened
  3024 | D:2      | Reached XP level 5. HP: 16/43 MP: 9/9
  3351 | D:3      | Found an ornate altar of the Wu Jian Council.
  3365 | D:3      | Fell from the grace of Ru
  3365 | D:3      | Became a worshipper of the Wu Jian Council
  3560 | D:3      | Gained mutation: You expend magic power (3 MP) to strengthen your wands. [potion of mutation]
  3560 | D:3      | Gained mutation: Your spells are a little easier to cast, but a little less powerful. [potion of mutation]
  3560 | D:3      | Gained mutation: You evolve. [potion of mutation]
  3560 | D:3      | Gained mutation: You have supernaturally acute eyesight. (SInv) [potion of mutation]
  3562 | D:3      | Slain by an orc priest

Vault maps used:
D:1:      dpeg_arrival_rooms_a
D:2:      overflow_temple_1_default, nicolae_overflow_hidden_temple
D:3:      overflow_temple_1_default, chequers_temple_overflow_statue_of_worship,
          nrook_loot_triangle

Skill      XL: |  1  2  3  4 |
---------------+-------------+-----
Fire Magic     | 2 |  2.3
Ice Magic      | 2 |  2.3
Invocations    | 1 |  1.4
Short Blades   | 1 |  1.3
Long Blades    | 1 |  1.3
Axes           | 1 |  1.3
Polearms       | 1 |  1.3
Staves         | 1 |  1.3
Slings         | 1 |  1.3
Bows           | 1 |  1.3
Crossbows      | 1 |  1.3
Throwing       | 1 |  1.3
Dodging        | 1 |  1.3
Stealth        | 1 |  1.3
Shields        | 1 |  1.3
Unarmed Combat | 1 |  1.3
Spellcasting   | 3 |  3.1
Conjurations   | 1 |  1.0
Hexes          | 1 |  1.0
Charms         | 1 |  1.0
Summonings     | 1 |  1.0
Necromancy     | 1 |  1.0
Translocations | 1 |  1.0
Transmutations | 1 |  1.0
Air Magic      | 1 |  1.0
Earth Magic    | 1 |  1.0
Poison Magic   | 1 |  1.0
Fighting       | |  4.7
Maces & Flails | |  2.8
Armour         | |  4.7
Evocations     | |  4.7

Action                   |  1- 3 |  4- 6 || total
-------------------------+-------+-------++-------
Melee: Mace              |   128 |    57 ||   185
       Bite              |     8 |     6 ||    14
       Punch             |     1 |       ||     1
       Short sword       |       |    18 ||    18
Throw: Javelin           |     1 |    12 ||    13
       Throwing net      |     1 |     1 ||     2
Invok: Lunge             |       |     1 ||     1
  Use: Potion            |       |     6 ||     6
 Stab: Sleeping          |       |     1 ||     1
  Eat: Chunk             |     4 |     3 ||     7
       Royal jelly       |       |     1 ||     1
       Fruit             |       |     1 ||     1
Armor: Leather armour    |    42 |    18 ||    60
Dodge: Dodged            |    99 |    49 ||   148

Table legend:
 A = Spawn XP
 B = Non-spawn XP
 C = Spawn XP percentage of total XP
 D = Spawn monster count
 E = Non-spawn monster count
 F = Spawn count percentage of total count
 G = Total turns spent on level
                    A         B        C        D         E        F      G
               +---------+---------+-------+---------+---------+-------+---------
         Total |       0 |     171 |   0.0 |       0 |      62 |   0.0 |  3562
               +---------+---------+-------+---------+---------+-------+---------
           D:1 |       0 |      31 |   0.0 |       0 |      16 |   0.0 |  1527
           D:2 |       0 |     100 |   0.0 |       0 |      25 |   0.0 |  1414
           D:3 |       0 |      40 |   0.0 |       0 |      21 |   0.0 |   621
               +---------+---------+-------+---------+---------+-------+---------
